 Dungeon Crawl Stone Soup version 0.29.1-15-g9cfb28693d (webtiles) character file.

Game seed: 17982934020498302847

1 leafyfresh the Sneak (level 1, -2/16 HPs)
             Began as an Octopode Delver on Mar 10, 2023.
             Slain by a hound (6 damage)
             ... on level 5 of the Dungeon.
             The game lasted 00:00:11 (112 turns).

leafyfresh the Sneak (Octopode Delver)               Turns: 112, Time: 00:00:12

Health: -2/16      AC:  1    Str: 11    XL:     1   Next: 20%
Magic:  1/1        EV: 13    Int: 12    God:
Gold:   23         SH:  0    Dex: 13    Spells: 0/0 levels left

rFire   . . .      SeeInvis .   a - +0 short sword
rCold   . . .      Faith    .   (no shield)
rNeg    . . .      Spirit   .   (helmet restricted)
rPois   .          Reflect  .   (no amulet)
rElec   .          Harm     .   (no ring)
rCorr   .          Rampage  .   (no ring)
Will    .....                   (no ring)
Stlth   ++++......              (no ring)
HPRegen 0.05/turn               (no ring)
MPRegen 0.07/turn               (no ring)
                                (no ring)
                                (no ring)

@: no status effects
A: almost no armour, amphibious, 8 rings, camouflage 1, gelatinous body 1,
(nimble swimmer 1), tentacles
a: no special abilities


You were on level 5 of the Dungeon.
You visited 1 branch of the dungeon, and saw 1 of its levels.

You collected 23 gold pieces.

Inventory:

Hand Weapons
 a - a +0 short sword (weapon)
Wands
 f - a wand of digging (3)
 h - a wand of roots (8)
Scrolls
 b - a scroll of fog
 c - a scroll of magic mapping
 d - 2 scrolls of fear
 g - a scroll of amnesia {unknown}
Potions
 e - a potion of haste


   Skills:
 + Level 3.0 Fighting
 - Level 2.0 Short Blades
 + Level 2.0 Dodging
 + Level 6.6 Stealth


You couldn't memorise any spells.
You didn't know any spells.
Your spell library was empty.

Dungeon Overview and Level Annotations

Branches:
Dungeon (5/15)
 Temple: D:4-7

Altars:


Innate Abilities, Weirdness & Mutations

You cannot wear most types of armour.
You are amphibious.
You can wear up to eight rings at the same time.
Your skin changes colour to match your surroundings (Stealth+).
Your rubbery body absorbs attacks. (AC +1, EV +1)
((You are camouflaged when in or above water. (Stealth+)))
You have tentacles for arms and can constrict up to eight enemies at once.


Message History

No target in view!
A hound comes into view.
A hound is nearby!
A hound is nearby!
The hound completely misses you. The hound misses you.
A hound is nearby!
You hit the hound. Your grab misses the hound.
The hound is lightly wounded.
The hound bites you.
You miss the hound. Your grab misses the hound.
The hound is lightly wounded.
The hound bites you. The hound bites you but does no damage.
You hit the hound but do no damage. Your grab misses the hound.
The hound is lightly wounded.
The hound bites you.
You are too injured to fight recklessly!
You are too injured to fight recklessly!
You are too injured to fight recklessly!
You are too injured to fight recklessly!
You hit the hound. You grab the hound.
The hound is lightly wounded.
You constrict the hound. The hound closely misses you.
The hound completely misses you.
You hit the hound.
The hound is moderately wounded.
You constrict the hound, but do no damage.
The hound bites you.
You hit the hound but do no damage. You squeeze the hound.
The hound is heavily wounded.
You constrict the hound, but do no damage.
The hound bites you.
* * * LOW HITPOINT WARNING * * *
The hound completely misses you.
You hit the hound but do no damage.
The hound is heavily wounded.
You constrict the hound. The hound misses you.
You hit the hound.
The hound is severely wounded.
You constrict the hound. The hound barely misses you. The hound bites you.
You die...

##+####
#.....
#..... ....
###>.#######
#..........#
#.........)#
#..........#
###'#.@#####
#.##.h...+
#.########
#.# #.# #.#
#.# #.# #.#
#.# #.# #.#
#.####'#####


You could see a hound.

Vanquished Creatures
  A quokka (D:5)
1 creature vanquished.

Notes
Turn   | Place    | Note
-------+----------+-------------------------------------------
     0 | D:5      | leafyfresh the Octopode Delver began the quest for the Orb.
     0 | D:5      | Reached XP level 1. HP: 16/16 MP: 1/1
   101 | D:5      | Noticed a hound
   112 | D:5      | Slain by a hound

Illustrated notes

Levels and vault maps discovered:
D:5:      layout_basic, kennysheep_nondescript, chequers_serial_rivers_large_a,
          minmay_shop_mass

Action                   || total
-------------------------++-------
Melee: Short sword       ||    11
       Constrict         ||     2
       Tentacles         ||     1
Armor: Skin              ||     2
Dodge: Dodged            ||     9
